 Dungeon Crawl Stone Soup version 0.22-a0-422-g9628fc87f1 (webtiles) character file.

25 Kriby the Ducker (level 2, -4/15 HPs)
             Began as a Spriggan Gladiator on May 19, 2018.
             Slain by a hobgoblin
             ... wielding a +0 club
              (6 damage)
             ... on level 1 of the Dungeon.
             The game lasted 00:00:52 (544 turns).

Kriby the Ducker (Spriggan Gladiator)                Turns: 544, Time: 00:00:53

Health: -4/15      AC:  2    Str: 16    XL:     2   Next: 82%
Magic:  3/3        EV: 20    Int:  9    God:
Gold:   76         SH:  0    Dex: 17    Spells: 1/1 levels left

rFire    . . .     SeeInvis +   a - +0 quarterstaff
rCold    . . .     Gourm    .   (shield currently unavailable)
rNeg     . . .     Faith    .   b - +0 robe
rPois    .         Spirit   .   c - +0 hat
rElec    .         Reflect  .   (no cloak)
rCorr    .         Harm     .   (gloves unavailable)
MR       .....                  (boots unavailable)
Stlth    ++........             (no amulet)
HPRegen  0.05/turn              i - +6 ring of strength
MPRegen  0.08/turn              (no ring)

@: very quick
A: very small, unfitting armour, see invisible, herbivore, speed 3, slow
metabolism 2
a: no special abilities


You were on level 1 of the Dungeon.
You were not hungry.

You visited 1 branch of the dungeon, and saw 2 of its levels.

You collected 76 gold pieces.

Inventory:

Hand Weapons
 a - a +0 quarterstaff (weapon)
Armour
 b - a +0 robe (worn)
 c - a +0 hat (worn)
Jewellery
 i - a +6 ring of strength (left hand)
Scrolls
 e - a scroll of enchant weapon {unknown}
 g - 2 scrolls of blinking {unknown}
 j - a scroll of identify {unknown}
 k - a scroll of immolation {unknown}
Potions
 h - 2 potions of curing {unknown}
 l - a potion of cancellation {unknown}
 m - a potion of lignification {unknown}
Comestibles
 f - 5 rations {@e1}


   Skills:
 + Level 1.9 Fighting
 * Level 2.6 Staves
 - Level 2.0 Throwing
 + Level 4.8 Dodging


You had one spell level left.
You didn't know any spells.
Your spell library was empty.

Dungeon Overview and Level Annotations

Branches:
Dungeon (2/15)

Altars:


Innate Abilities, Weirdness & Mutations

You are very small and have problems with some larger weapons.
You are too small for most types of armour.
You have supernaturally acute eyesight. (SInv)
You are a herbivore.
You cover ground extremely quickly.
You need to consume almost no food.


Message History

You throw a throwing net.
The throwing net completely misses the hobgoblin.
The throwing net hits the worm.
The worm is caught in the net!
The worm struggles against the net.
Throwing (i - inventory)
d - 2 throwing nets (quivered)
Press: ? - help, Shift-Dir - straight line, f/p - hobgoblin
Aim: a hobgoblin, wielding a club You throw a throwing net.
The throwing net barely misses the hobgoblin.
The throwing net barely misses the worm.
The hobgoblin closely misses you.
Throwing (i - inventory)
d - a throwing net (quivered)
Press: ? - help, Shift-Dir - straight line, f/p - hobgoblin
Aim: a hobgoblin, wielding a club You throw a throwing net.
The throwing net closely misses the hobgoblin.
The throwing net hits the worm.
The hobgoblin barely misses you.
The worm struggles against the net.
You hit the hobgoblin but do no damage. The hobgoblin hits you with a club.
You die...

###(.................#
#.........#####......#
#.........# ##......#
#.........# #≈########
#.........##≈≈#
#.........#≈≈≈#
#........≈≈≈≈#
#...≈.≈≈≈≈≈≈≈#
##≈≈≈≈@≈≈≈≈≈≈##
##≈≈≈≈≈g≈≈≈≈###
##≈≈≈≈≈≈.≈...#
#≈≈≈≈........#
#≈≈#........)#
#≈≈≈#....w....#
#≈≈##.........# #≈#
#....(....# ##
#.........#


You could see a worm (caught) and a hobgoblin.

Vanquished Creatures
  An adder (D:1)
  An ooze (D:1)
  A goblin (D:1)
  3 hobgoblins (D:1)
  A bat (D:1)
  6 frilled lizards (D:1)
  A kobold (D:2)
  A rat (D:1)
15 creatures vanquished.

Notes
Turn   | Place    | Note
-------+----------+-------------------------------------------
     0 | D:1      | Kriby the Spriggan Gladiator began the quest for the Orb.
     0 | D:1      | Reached XP level 1. HP: 10/10 MP: 2/2
   191 | D:1      | Reached XP level 2. HP: 15/15 MP: 3/3
   544 | D:1      | Slain by a hobgoblin

Vault maps used:
D:1:      lemuel_arrival_river_bridge, minmay_crystal_room,
          serial_bayou_crossing
D:2:      first_ration

Action                   || total
-------------------------++-------
Melee: Quarterstaff      ||    51
Throw: Throwing net      ||     3
Armor: Robe              ||     2
Dodge: Dodged            ||    56

Table legend:
 A = Spawn XP
 B = Non-spawn XP
 C = Spawn XP percentage of total XP
 D = Spawn monster count
 E = Non-spawn monster count
 F = Spawn count percentage of total count
 G = Total turns spent on level
                    A         B        C        D         E        F      G
               +---------+---------+-------+---------+---------+-------+---------
         Total |       0 |      36 |   0.0 |       0 |      15 |   0.0 |   544
               +---------+---------+-------+---------+---------+-------+---------
           D:1 |       0 |      35 |   0.0 |       0 |      14 |   0.0 |   534
           D:2 |       0 |       1 |   0.0 |       0 |       1 |   0.0 |    10
               +---------+---------+-------+---------+---------+-------+---------
